 Dungeon Crawl Stone Soup version 0.28-a0-863-g8cecda6153 (webtiles) character file.

Game seed: 16955517197554721799

1694 siradein the Skirmisher (level 8, -5/65 HPs)
             Began as a Demonspawn Berserker on Nov 16, 2021.
             Was a Believer of Trog.
             Splashed by a jelly's acid (9 damage)
             ... on level 6 of the Dungeon.
             The game lasted 00:11:27 (7202 turns).

siradein the Skirmisher (Demonspawn Berserker)      Turns: 7202, Time: 00:11:28

Health: -5/65      AC: -12   Str: 20    XL:     8   Next: 72%
Magic:  8/8        EV: 14    Int:  8    God:    Trog [**....]
Gold:   170        SH:  0    Dex: 13    Spells: 7/7 levels left

rFire   . . .      SeeInvis .   w - +0 flail
rCold   . . .      Faith    +   (no shield)
rNeg    . . .      Spirit   .   (no armour)
rPois   .          Reflect  .   (no helmet)
rElec   .          Harm     .   (no cloak)
rCorr   .          Rampage  .   (no gloves)
Will    .....                   (no boots)
Stlth   +.........              i - amulet of faith
HPRegen 0.20/turn               (no ring)
MPRegen 0.22/turn               (no ring)

@: corroded, on berserk cooldown, slowed, very slow
A: claws 2, powered by death 2, magic regeneration, weakness stinger 2
a: Renounce Religion, Berserk, Trog's Hand


You were on level 6 of the Dungeon.
You worshipped Trog.
Trog was pleased with you.
You visited 1 branch of the dungeon, and saw 6 of its levels.

You collected 170 gold pieces.

Inventory:

Hand Weapons
 w - a +0 flail (weapon)
Missiles
 d - 199 stones (quivered)
 g - 2 curare-tipped darts
 m - 39 poisoned darts
Armour
 r - a +0 plate armour
 y - the +1 leather armour "Feduli" {rPois rC- rN+ Str+6}
   (You found it on level 6 of the Dungeon)

   Str:       It affects your strength (+6).
   rC:        It makes you vulnerable to cold.
   rPois:     It protects you from poison.
   rN:        It protects you from negative energy.
Jewellery
 i - an amulet of faith (around neck)
 j - a ring of fire
Wands
 A - a wand of acid (9)
Scrolls
 a - a scroll of acquirement {unknown}
 b - a scroll of enchant weapon
 c - a scroll of fog
 e - a scroll of immolation {unknown}
 k - a scroll of brand weapon {unknown}
 l - 2 scrolls of amnesia {unknown}
 o - 2 scrolls of teleportation {unknown}
 q - a scroll of fear {unknown}
 v - 3 scrolls of identify
 z - 3 scrolls of blinking {unknown}
Potions
 f - 2 potions of curing {unknown}
 h - a potion of might {unknown}
 n - a potion of mutation {unknown}
 p - a potion of magic {unknown}
 s - a potion of brilliance {unknown}
 t - a potion of degeneration {unknown}
 u - 2 potions of lignification {unknown}
 x - a potion of heal wounds {unknown}


   Skills:
 + Level 6.3 Fighting
 + Level 5.8 Maces & Flails
 + Level 5.3 Armour
 + Level 5.3 Dodging


You had 7 spell levels left.
You didn't know any spells.
Your spell library was empty.

Dungeon Overview and Level Annotations

Branches:
Dungeon (6/15)             Temple (0/1) D:6

Altars:
Cheibriados
Dithmenos
Gozag
Qazlal

Annotations:
D:6 3 runed translucent doors, scottley's ghost, novice TrMo


Innate Abilities, Weirdness & Mutations

You have very sharp fingernails.
You regenerate health from kills.
You regenerate magic rapidly.
You have a tail ending in a sharp stinger.


Message History

The wyvern is heavily wounded.
The wyvern misses you. The wyvern bites you!
You are too injured to fight recklessly!
You are too injured to fight recklessly!
You are too injured to fight recklessly!
A red film seems to cover your vision as you go berserk!
You feel yourself moving faster!
You feel mighty! The wyvern misses you.
You sock the wyvern! You tail-slap the wyvern.
You kill the wyvern!
Trog accepts your kill.
You see here a wyvern corpse.
Found a stone staircase leading down.
You feel a strong urge to attack something.
You feel your anger nearly subside.
You are no longer berserk.
You are exhausted.
You feel yourself slow down.
You hear a slurping noise.
The jelly eats the door!
A jelly comes into view.
You start removing your armour.
You continue taking off the +1 leather armour "Feduli" {rPois rC- rN+ Str+6}. x2
The jelly quivers.
You continue taking off the +1 leather armour "Feduli" {rPois rC- rN+ Str+6}.
The jelly hits you but does no damage. The jelly barely misses you.
You continue taking off the +1 leather armour "Feduli" {rPois rC- rN+ Str+6}.
The jelly hits you.
You are splashed with acid!
You finish taking off the +1 leather armour "Feduli" {rPois rC- rN+ Str+6}.
You sock the jelly! The acid corrodes you!
Your claws burn!
You tail-slap the jelly, but do no damage.
The jelly is heavily wounded.
The jelly closely misses you. The jelly hits you. The acid corrodes you!
You are splashed with acid!
* * * LOW HITPOINT WARNING * * *
You hit the jelly.
Your claws burn!
* * * LOW HITPOINT WARNING * * *
The jelly is heavily wounded.
The jelly hits you.
* * * LOW HITPOINT WARNING * * *
The acid corrodes you!
You are splashed with acid!
You die...

# #...............+ ###......
# ##...............# ......
####.......#.........# ......
...........'.........#
########..
...........#.........#
...#######
....####...######.### .......
....####.#.######.#####.......
.........)...............>....
.†......##......@J...#.##....
........##...........#†# .
........##..[.....[..#.#
###........#####.....#'######
###.............###...........
..#.............# ##..........
..#.............####..........
..#....................###....
..###..................###....


You could see a jelly.

Vanquished Creatures
  A wyvern (D:6)
  A centaur (D:6)
  4 ogres
  A necrophage (D:6)
  2 phantoms
  A bullfrog (D:5)
  3 scorpions
  A water moccasin zombie (D:6)
  2 wyvern skeletons
  2 water moccasin skeletons
  A bullfrog zombie (D:5)
  A jelly (D:5)
  An orc priest (D:6)
  A bullfrog skeleton (D:3)
  2 iguanas
  A killer bee zombie (D:5)
  A hound skeleton (D:4)
  A howler monkey zombie (D:5)
  3 gnolls (D:4)
  5 adders
  2 shadow imps
  An ufetubus (D:5)
  An adder skeleton (D:2)
  4 dart slugs
  2 worms (D:2)
  6 orcs
  7 ball pythons
  9 bats
  2 endoplasms
  2 giant cockroaches
  9 goblins
  7 hobgoblins
  4 jackals (D:1)
  3 quokkas
  A frilled lizard (D:2)
  8 kobolds
  3 rats
106 creatures vanquished.

Notes
Turn   | Place    | Note
-------+----------+-------------------------------------------
     0 | D:1      | siradein the Demonspawn Berserker began the quest for the
                  | Orb.
     0 | D:1      | Reached XP level 1. HP: 18/18 MP: 1/1
   504 | D:1      | Discovered your monstrous ancestry.
   504 | D:1      | Gained mutation: You have sharp fingernails. [demonic
                  | ancestry]
   504 | D:1      | Reached XP level 2. HP: 14/24 MP: 2/2
   744 | D:1      | Found a faded altar of an unknown god.
  1079 | D:1      | Gained mutation: You have a small tail. [demonic ancestry]
  1079 | D:1      | Reached XP level 3. HP: 29/29 MP: 3/3
  2874 | D:3      | Gained mutation: You have a tail ending in a sharp stinger.
                  | [demonic ancestry]
  2874 | D:3      | Reached XP level 4. HP: 33/36 MP: 4/4
  2898 | D:3      | Found a shadowy altar of Dithmenos.
  3175 | D:3      | Noticed a scorpion
  3183 | D:3      | Killed a scorpion
  3184 | D:3      | Reached skill level 4 in Fighting
  3184 | D:3      | Gained mutation: You regenerate a little health from kills.
                  | [demonic ancestry]
  3184 | D:3      | Reached XP level 5. HP: 26/42 MP: 5/5
  3495 | D:3      | Reached ** piety under Trog
  3939 | D:4      | Noticed an ogre
  4013 | D:3      | Killed an ogre
  4014 | D:3      | Gained mutation: You regenerate health from kills. [demonic
                  | ancestry]
  4014 | D:3      | Reached XP level 6. HP: 42/48 MP: 6/6
  4611 | D:4      | Found an opulent altar of Gozag.
  4941 | D:5      | Entered Level 5 of the Dungeon
  4978 | D:5      | Gained mutation: You regenerate magic rapidly. [demonic
                  | ancestry]
  4978 | D:5      | Reached XP level 7. HP: 13/55 MP: 7/7
  5532 | D:5      | Reached skill level 5 in Fighting
  6204 | D:5      | Reached skill level 5 in Maces & Flails
  6204 | D:5      | Gained mutation: You have very sharp fingernails. [demonic
                  | ancestry]
  6204 | D:5      | Reached XP level 8. HP: 52/63 MP: 8/8
  6506 | D:6      | Found a stormy altar of Qazlal.
  6633 | D:6      | Noticed an air elemental
  6869 | D:6      | Reached skill level 6 in Fighting
  6869 | D:6      | Reached skill level 5 in Dodging
  6881 | D:6      | Identified the +1 leather armour "Feduli" {rPois rC- rN+
                  | Str+6}
  6897 | D:6      | Reached skill level 5 in Armour
  7010 | D:6      | Found a staircase to the Ecumenical Temple.
  7094 | D:6      | Found a snail-covered altar of Cheibriados.
  7169 | D:6      | Found a runed translucent gate.
  7169 | D:6      | Found a runed translucent gate.
  7169 | D:6      | Found a runed translucent gate.
  7170 | D:6      | Noticed scottley's ghost (novice TrMo)
  7202 | D:6      | Splashed by a jelly's acid

Illustrated notes

Levels and vault maps discovered:
D:1:      dpeg_arrival_stonehenge_8_columns, layout_basic,
          hellmonk_ecumenical_altar_leap_of_faith
D:2:      layout_basic, serial_co_window_serial, co_window_paths_b,
          co_window_of_opportunity_a, co_window_paths_a, co_window_paths_b,
          co_window_corner_a, co_window_paths_a, co_window_of_opportunity_c,
          co_window_unsneaky_path_d, co_window_corner_b, glass_columns_a,
          grunt_ministairs_15
D:3:      layout_basic, nicolae_dithmenos_shadow_blocks, serial_aquarium,
          aquarium_bridge_square [aquarium_subvault_bridge,
          aquarium_subvault_window, aquarium_subvault_wall,
          aquarium_subvault_bridge], aquarium_bridge_long_joined
          [aquarium_subvault_bridge, aquarium_subvault_window,
          aquarium_subvault_balcony, aquarium_subvault_window,
          aquarium_subvault_balcony, aquarium_subvault_balcony],
          aquarium_window_2, aquarium_window_corner, aquarium_view_2d,
          aquarium_view_2f, aquarium_balcony_3a
D:4:      layout_rooms, grunt_gozag_breadcrumbs
D:5:      layout_loops_ring
D:6:      layout_basic, worldfamousw_hep_ancestral_shrine,
          nicolae_qazlal_style_of_elements, kennysheep_slug_shrine, zin_academy,
          minmay_temple_entry_proselytizer, gammafunk_ghost_nasty_kobolds

Skill      XL: |  1  2  3  4  5  6  7  8 |
---------------+-------------------------+-----
Armour         | 2 3 4 5 |  5.3
Dodging        | 2 3 4 5 |  5.3
Maces & Flails | 3 4 5 |  5.8
Fighting       | 4 5 6 |  6.3

Action                   |  1- 3 |  4- 6 |  7- 9 || total
-------------------------+-------+-------+-------++-------
Melee: Mace              |   139 |   144 |    23 ||   306
       Tailslap          |     7 |    24 |    30 ||    61
       Flail             |       |       |   121 ||   121
Throw: Dart              |       |     4 |       ||     4
Invok: Berserk           |       |     3 |     2 ||     5
       Trog's Hand       |       |     1 |     1 ||     2
  Use: Scroll            |       |     2 |       ||     2
Armor: Ring mail         |    76 |    28 |       ||   104
       Plate armour      |       |    56 |    82 ||   138
       Leather armour    |       |       |     5 ||     5
Dodge: Dodged            |   117 |    89 |    72 ||   278

Table legend: (Time is in decaauts)
 A = Elapsed time spent in this place.
 B = Non-inter-level travel time spent in this place.
 C = Inter-level travel time spent in this place.
 D = Time resting spent in this place.
 E = Time spent auto-exploring this place.
 F = Levels seen in this place.
 G = Mean time per level.
                   A        B        C        D        E       F      G
               +--------+--------+--------+--------+--------+-----+--------+
         Total |   7321 |   7166 |    155 |    650 |   5391 |   6 | 1220.2 |
       Dungeon |   7321 |   7166 |    155 |    650 |   5391 |   6 | 1220.2 |
               +--------+--------+--------+--------+--------+-----+--------+

Top non-repeatable levels by time:
     D:5: 1476 daAuts
     D:2: 1470 daAuts
     D:1: 1407 daAuts
     D:3: 1373 daAuts
     D:6: 825 daAuts
     D:4: 768 daAuts
